 Dungeon Crawl Stone Soup version 0.27.1-1-g398f81649c (webtiles) character file.

Game seed: 17337683289396687

34 Descartes the Ducker (level 3, -1/15 HPs)
             Began as a Felid Transmuter on Sept 11, 2021.
             Slain by an adder (2 damage)
             ... on level 2 of the Dungeon.
             The game lasted 00:01:21 (1443 turns).

Descartes the Ducker (Felid Transmuter)             Turns: 1443, Time: 00:01:21

Health: -1/15      AC:  1    Str:  7    XL:     3   Next: 14%
Magic:  7/7        EV: 17    Int: 14    God:
Gold:   39         SH:  0    Dex: 16    Spells: 5/6 levels left
                                        Lives:  0   Deaths: 0

rFire    . . .     SeeInvis +     - Unarmed
rCold    . . .     Faith    .   (shield unavailable)
rNeg     . . .     Spirit   .   (armour unavailable)
rPois    .         Reflect  .   (helmet unavailable)
rElec    .         Harm     .   (cloak unavailable)
rCorr    .         Rampage  .   (gloves unavailable)
Will     .....                  (boots unavailable)
Stlth    ++........             (no amulet)
HPRegen  0.05/turn              (no ring)
MPRegen  0.10/turn              (no ring)

@: lethally poisoned (-1 -> -6), quick
A: very small, claws 1, fangs 3, see invisible, speed 1, shaggy fur 1, stealthy
paws, no weapons or thrown items, no armour, multi-lived
a: no special abilities


You were on level 2 of the Dungeon.
You visited 1 branch of the dungeon, and saw 2 of its levels.

You collected 39 gold pieces.

Inventory:

Potions
 a - a potion of invisibility {unknown}
 b - a potion of mutation {unknown}


   Skills:
 - Level 1.0 Fighting
 + Level 3.1 Dodging
 * Level 2.4 Stealth
 + Level 3.0 Unarmed Combat
 - Level 2.0 Spellcasting
 * Level 3.0 Transmutations


You had 5 spell levels left.
You knew the following spells:

 Your Spells              Type           Power      Damage    Failure   Level
a - Beastly Appendage     Tmut           18%        N/A       7%          1

Your spell library contained the following spells:

 Spells                   Type           Power      Damage    Failure   Level
 Wereblood                Tmut           9%         N/A       11%         2
 Spider Form              Tmut/Pois      2%         N/A       36%         3
 Ice Form                 Ice/Tmut       5%         N/A       77%         4


Dungeon Overview and Level Annotations

Branches:
Dungeon (2/15)

Altars:

Shops:
D:1 [


Innate Abilities, Weirdness & Mutations

You have sharp claws.
You have razor-sharp teeth.
You have supernaturally acute eyesight. (SInv)
You cover ground quickly. (Speed+)
You are covered in fur. (AC +1)
Your paws help you pounce on unaware monsters.
You are incapable of wielding weapons or throwing items.
You cannot wear armour.
You gain extra lives every three experience levels.


Message History

Found 20 stones.
An adder comes into view.
The giant cockroach barely misses you.
You scratch the giant cockroach.
You bite the giant cockroach, but do no damage.
The giant cockroach is heavily wounded.
The giant cockroach closely misses you.
You barely miss the giant cockroach.
The giant cockroach is heavily wounded.
The giant cockroach bites you.
The giant cockroach completely misses you.
You claw the giant cockroach!
You kill the giant cockroach!
The adder hisses angrily.
You see here a giant cockroach corpse.
The adder barely misses you.
You scratch the adder.
The adder is lightly wounded.
The adder closely misses you.
You closely miss the adder.
The adder is lightly wounded.
The adder misses you. The adder bites you.
You are poisoned.
The adder poisons you!
You barely miss the adder.
The adder is lightly wounded.
You feel sick. The adder closely misses you.
You scratch the adder.
The adder is lightly wounded.
You feel sick. The adder completely misses you.
You scratch the adder but do no damage.
The adder is lightly wounded.
You feel sick. The adder bites you.
* * * LOW HITPOINT WARNING * * *
You are lethally poisoned!
The adder poisons you!
You are too injured to fight recklessly!
* * * LOW HITPOINT WARNING * * *
You feel sick. The adder bites you.
You die...

#.# ## ###.## #..
###..... #.# #......
#.# ...... #.# ## ...#
#.# ..#
######.######.##...###
#.............@S......
#.####.##...†.########
##.####)##..(..#
#....)...+.....#
##..####.##....##
##.>......+......
##...###.##....###
##...# #.##....#
##...# #.##....#


You could see an adder.

Vanquished Creatures
  An adder (D:2)
  A bat (D:1)
  4 endoplasms (D:1)
  2 giant cockroaches
  4 goblins
  2 hobgoblins (D:1)
  2 kobolds
  A quokka (D:1)
  2 ball pythons (D:1)
  2 frilled lizards (D:1)
  A rat (D:2)
22 creatures vanquished.

Notes
Turn   | Place    | Note
-------+----------+-------------------------------------------
     0 | D:1      | Descartes the Felid Transmuter began the quest for the Orb.
     0 | D:1      | Reached XP level 1. HP: 9/9 MP: 4/4
    49 | D:1      | Found Cing's Antique Armour Emporium.
   324 | D:1      | Reached skill level 1 in Stealth
   442 | D:1      | Reached XP level 2. HP: 2/12 MP: 6/6
  1305 | D:2      | Reached XP level 3. HP: 15/15 MP: 7/7
  1443 | D:2      | Slain by an adder

Illustrated notes

Levels and vault maps discovered:
D:1:      kennysheep_arrival_seaside, layout_rooms, serial_shops, shop_statue,
          minmay_domino_2
D:2:      layout_basic

Skill      XL: |  1  2  3 |
---------------+----------+-----
Stealth        | 1 2 |  2.4
Dodging        | 3 |  3.1
Transmutations | 3 |  3.0
Fighting       | |  1.0
Unarmed Combat | |  3.0
Spellcasting   | |  2.0

Action                   || total
-------------------------++-------
Melee: Unarmed           ||    64
       Bite              ||     4
 Stab: Sleeping          ||     5
Armor: Skin              ||     1
Dodge: Dodged            ||    52
